 Dungeon Crawl Stone Soup version 0.22.0-38-g04b72b8 (webtiles) character file.

3899 Fang the Cleaver (level 10, -2/96 HPs)
             Began as a Gargoyle Berserker on Aug 22, 2018.
             Was an Elder of Trog.
             Slain by a hog (7 damage)
             ... on level 8 of the Dungeon on Aug 29, 2018.
             The game lasted 00:13:25 (8921 turns).

Fang the Cleaver (Gargoyle Berserker)               Turns: 8921, Time: 00:13:26

Health: -2/96      AC: 11    Str: 29    XL:     10   Next: 20%
Magic:  10/10      EV: 13    Int:  8    God:    Trog [****..]
Gold:   404        SH:  0    Dex:  9    Spells: 9/9 levels left

rFire    . . .     SeeInvis +   t - +2 war axe
rCold    . . .     Gourm    .   (no shield)
rNeg     + . .     Faith    .   p - +2 robe {MR+}
rPois    ∞         Spirit   .   (no helmet)
rElec    +         Reflect  .   (no cloak)
rCorr    .         Harm     .   (no gloves)
MR       +....                  (no boots)
Stlth    ..........             i - amulet of the acrobat
HPRegen  0.26/turn              s - ring of see invisible
MPRegen  0.12/turn              (no ring)

@: berserking (expiring), very quick
A: negative energy resistance 1, electricity resistance, unbreathing,
petrification resistance, rot immunity, AC +7
a: Berserk, Trog's Hand, Brothers in Arms, Renounce Religion


You were on level 8 of the Dungeon.
You worshipped Trog.
Trog was greatly pleased with you.
You were not hungry.

You visited 2 branches of the dungeon, and saw 9 of its levels.

You collected 404 gold pieces.

Inventory:

Hand Weapons
 t - a +2 war axe (weapon)
Armour
 p - a +2 robe of magic resistance (worn)
Jewellery
 i - an amulet of the acrobat (around neck)
 s - a ring of see invisible (left hand)
Wands
 l - a wand of random effects (26)
 o - a wand of flame (19)
 u - a wand of paralysis (12)
Scrolls
 a - 5 scrolls of remove curse
 d - 3 scrolls of teleportation
 f - 6 scrolls of magic mapping
 g - 5 scrolls of identify
 m - a scroll of blinking
 w - a scroll of enchant armour
Potions
 e - a potion of heal wounds
 h - a potion of agility
 j - 4 potions of lignification
 n - a potion of haste
 q - a potion of curing
 r - 2 potions of ambrosia
 v - a potion of berserk rage
Comestibles
 c - 11 rations


   Skills:
 + Level 8.3 Fighting
 + Level 9.3 Axes
 + Level 7.4 Armour
 + Level 4.1 Dodging
 + Level 1.8 Stealth


You had 9 spell levels left.
You didn't know any spells.
Your spell library was empty.

Dungeon Overview and Level Annotations

Branches:
Dungeon (8/15)             Temple (1/1) D:6            Lair (0/6) D:8

Altars:
Ashenzari
Dithmenos
Elyvilon
Fedhas
Gozag
Hepliaklqana
Ru
Trog
Uskayaw
Zin

Annotations:
D:8 2 transporters


Innate Abilities, Weirdness & Mutations

You are resistant to torment.
Your stone body is resilient. (AC +7)
You are immune to poison.
You resist negative energy. (rN+)
You are resistant to electric shocks. (rElec)
You can survive without breathing.
You are immune to petrification.
You are immune to rotting.


Message History

You hit the hog.
The hog is lightly wounded.
You barely miss the human. The hog misses you.
Unknown command.
You slice the hog!!
The hog is almost dead.
You slash the human!
You kill the human!
Trog accepts your kill. The hog bites you.
* * * LOW HITPOINT WARNING * * *
You barely miss the hog.
The hog is almost dead.
You slash the yak! The hog barely misses you. The yak gores you!
* * * LOW HITPOINT WARNING * * *
Unknown command.
You completely miss the hog.
The hog is almost dead.
You hit the yak. The hog bites you!
You die...

########..........###
#>................'.##
.......#..........#..# #######
.......#....########.## .......
.....[.######..#%%##..# .......
.......# #..#.%###.# ......
.......######..'..###.## ......
............#..#hY#.#..#########.
........#####..#@.#.##.....# #.
......#.#########'#.##.....# #.
....#.#.#...........##.....# #.
....#.#.#..)......#.###.########.
...........)....(................
#.#.#.#.#........##.###...######.
...#.#........##.# ##..# #....
#.# #.#........##.# #.[# #.... #.
#.#........##.# #..# #?...


You could see a yak and a hog.

Vanquished Creatures
  A human (D:8)
  2 hogs (D:8)
  Duvessa (D:4)
  An orc warrior (D:8)
  A sky beast (D:4)
  2 ice beasts
  3 necrophages
  5 ogres
  4 centaurs
  2 big kobolds
  A bullfrog (D:8)
  A wyvern zombie (D:8)
  Dowan (D:4)
  3 scorpions
  5 killer bees (D:7)
  7 wights
  3 crimson imps
  A bullfrog zombie (D:8)
  3 hounds
  4 orc priests
  3 bullfrog skeletons
  4 orc wizards
  A centaur skeleton (D:8)
  An iguana (D:7)
  9 worker ants
  A howler monkey skeleton (D:6)
  10 adders
  3 shadow imps
  An ooze (D:5)
  An adder skeleton (D:4)
  A worm (D:3)
  A dart slug (D:1)
  6 leopard geckos
  14 orcs
  9 bats
  6 giant cockroaches
  10 goblins
  9 hobgoblins
  11 jackals
  17 kobolds
  4 quokkas
  A ball python (D:5)
  6 frilled lizards
  A leopard gecko zombie (D:5)
  2 quokka skeletons
  A quokka zombie (D:6)
  13 rats
197 creatures vanquished.

Notes
Turn   | Place    | Note
-------+----------+-------------------------------------------
     0 | D:1      | Fang the Gargoyle Berserker began the quest for the Orb.
     0 | D:1      | Reached XP level 1. HP: 14/14 MP: 1/1
    24 | D:1      | Reached XP level 2. HP: 10/19 MP: 2/2
   197 | D:1      | Reached skill level 3 in Axes
   399 | D:1      | Reached ** piety under Trog
   399 | D:1      | Reached XP level 3. HP: 22/24 MP: 3/3
   542 | D:1      | Upgraded the game from 0.22.0-27-ga576289 to 0.22.0-38-g04b72b8
   806 | D:2      | Found a white marble altar of Elyvilon.
  1022 | D:2      | Found a hide-covered altar of Uskayaw.
  1050 | D:2      | Reached XP level 4. HP: 24/29 MP: 4/4
  1428 | D:3      | Reached *** piety under Trog
  1489 | D:3      | Reached skill level 4 in Axes
  1489 | D:3      | Reached XP level 5. HP: 14/34 MP: 5/5
  2714 | D:4      | Noticed Dowan
  2715 | D:4      | Noticed Duvessa
  2730 | D:4      | Killed Duvessa
  2730 | D:4      | Reached XP level 6. HP: 39/39 MP: 6/6
  2743 | D:4      | Killed Dowan
  2743 | D:4      | Reached skill level 5 in Axes
  2969 | D:4      | Noticed a sky beast
  2980 | D:4      | Killed a sky beast
  2980 | D:4      | Reached skill level 5 in Fighting
  2980 | D:4      | Reached XP level 7. HP: 44/44 MP: 7/7
  3355 | D:4      | Found a hazy altar of Hepliaklqana.
  3551 | D:5      | Entered Level 5 of the Dungeon
  3823 | D:5      | Found an opulent altar of Gozag.
  4581 | D:5      | Reached XP level 8. HP: 27/50 MP: 8/8
  4629 | D:5      | Reached **** piety under Trog
  4937 | D:5      | Reached skill level 6 in Axes
  4950 | D:5      | Reached skill level 5 in Armour
  5359 | D:6      | Found a staircase to the Ecumenical Temple.
  5386 | Temple   | Entered the Ecumenical Temple
  5493 | D:6      | Found a white marble altar of Elyvilon.
  5495 | D:6      | Found a bloodstained altar of Trog.
  5495 | D:6      | Found a sacrificial altar of Ru.
  5496 | D:6      | Found a shattered altar of Ashenzari.
  5736 | D:6      | Reached skill level 1 in Stealth
  5741 | D:6      | Reached skill level 7 in Axes
  6395 | D:7      | Reached XP level 9. HP: 48/56 MP: 9/9
  6479 | D:7      | Found a glowing silver altar of Zin.
  6769 | D:7      | Received a gift from Trog
  6940 | D:7      | Reached skill level 8 in Axes
  7886 | D:7      | Found a shadowy altar of Dithmenos.
  7981 | D:8      | Noticed a cyclops
  7981 | D:8      | Noticed a guardian serpent
  7982 | D:8      | Found a transporter.
  7982 | D:8      | Noticed a deep elf archer
  7984 | D:8      | Noticed a black mamba
  7984 | D:8      | a guardian serpent changed into a black mamba
  7984 | D:8      | Noticed a meliai
  7989 | D:8      | Noticed a rime drake
  7989 | D:8      | a black mamba changed into a rime drake
  8007 | D:8      | a rime drake changed into a raiju
  8018 | D:8      | Noticed a rime drake
  8018 | D:8      | a raiju changed into a rime drake
  8023 | D:8      | a rime drake changed into a black bear
  8336 | D:8      | Noticed a spiny frog
  8345 | D:8      | Found a transporter.
  8350 | D:8      | Noticed an elephant
  8350 | D:8      | a tarantella changed into an elephant
  8384 | D:8      | Noticed a death drake
  8396 | D:8      | Found a blossoming altar of Fedhas.
  8598 | D:8      | Reached XP level 10. HP: 37/64 MP: 10/10
  8794 | D:8      | Reached skill level 9 in Axes
  8811 | D:8      | Found a staircase to the Lair.
  8920 | D:8      | HP: 4/96 [yak (9)]
  8921 | D:8      | Slain by a hog

Skill      XL: |  1  2  3  4  5  6  7  8  9 10 |
---------------+-------------------------------+-----
Axes           | 3 4 5 7 8 9 |  9.3
Fighting       | 4 5 6 7 8 |  8.3
Dodging        | 2 3 4 |  4.1
Armour         | 3 4 6 7 |  7.4
Stealth        | 1 |  1.8

Action                   |  1- 3 |  4- 6 |  7- 9 | 10-12 || total
-------------------------+-------+-------+-------+-------++-------
Melee: Hand axe          |   117 |   222 |   419 |       ||   758
       War axe           |       |       |    72 |    25 ||    97
Invok: Berserk           |       |     3 |     8 |     1 ||    12
  Use: Scroll            |       |       |    17 |     1 ||    18
 Stab: Sleeping          |       |       |       |     1 ||     1
  Eat: Chunk             |     1 |     5 |    11 |       ||    17
       Ration            |       |     1 |     4 |     1 ||     6
Armor: Animal skin       |    31 |       |       |       ||    31
       Scale mail        |    21 |   110 |   225 |       ||   356
       Robe              |       |       |     7 |     7 ||    14
Dodge: Dodged            |    92 |   115 |   280 |    22 ||   509
